 Dungeon Crawl Stone Soup version 0.30-a0-269-gf0224bf7b6 (webtiles) character file.

Game seed: 1082897506464315544

2218 themarg the Soothsayer (level 9, -5/129 HPs)
             Began as a Hill Orc Monk on Oct 14, 2022.
             Was a Priest of Nemelex Xobeh.
             Slain by an orc
             ... wielding a +0 trident
              (7 damage)
             ... on level 7 of the Dungeon.
             The game lasted 00:28:27 (8203 turns).

themarg the Soothsayer (Hill Orc Monk)              Turns: 8203, Time: 00:28:28

Health: -5/129     AC:  9    Str: 15 (18) XL:     9   Next: 35%
Magic:  16/16      EV: 11    Int:  8 (10) God:    Nemelex Xobeh [***...]
Gold:   367        SH:  0    Dex: 11 (13) Spells: 8/8 levels left

rFire   + . .      SeeInvis .    K - +0 rapier
rCold   . . .      Faith    .    (no shield)
rNeg    . . .      Spirit   .    c - +4 ring mail "Cuq Xaurr" {Rampage}
rPois   .          Reflect  .    (no helmet)
rElec   .          Harm     .    (no cloak)
rCorr   +          Rampage  +    (no gloves)
Will    .....      Clarity  +    (no boots)
Stlth   ..........               (no amulet)
HPRegen 0.41/turn                h - ring of protection from fire
MPRegen 0.15/turn                s - ring of resist corrosion

@: berserking, hasted, very quick
A: clarity
a: Renounce Religion, Draw Escape, Draw Destruction, Draw Summoning, Triple Draw


You were on level 7 of the Dungeon.
You worshipped Nemelex Xobeh.
Nemelex Xobeh was most pleased with you.
You visited 2 branches of the dungeon, and saw 8 of its levels.
You also visited: Ossuary.

You collected 367 gold pieces.

Inventory:

Hand Weapons
 K - a +0 rapier (weapon)
Missiles
 d - 62 stones (quivered)
 f - 5 boomerangs of dispersal
 j - 7 poisoned darts
 J - 2 throwing nets
Armour
 c - the +4 ring mail "Cuq Xaurr" (worn) {Rampage}
   (You found it on level 3 of the Dungeon)

   Rampage:   It bestows one free step when moving towards enemies.
 g - a +0 chain mail
 l - a +0 leather armour
 v - a +0 plate armour
 C - a +0 helmet
Jewellery
 h - a ring of protection from fire (left hand)
 p - a ring of willpower
 q - a ring of ice
 s - a ring of resist corrosion (right hand)
 I - a +6 ring of dexterity
Wands
 a - a wand of roots (15)
 m - a wand of charming (15)
 x - a wand of acid (7)
Scrolls
 b - a scroll of torment
 e - a scroll of enchant armour
 i - 2 scrolls of summoning
 k - 4 scrolls of blinking
 o - a scroll of vulnerability {unknown}
 t - 2 scrolls of noise {unknown}
 u - 3 scrolls of teleportation
 w - 2 scrolls of acquirement {unknown}
 y - a scroll of butterflies {unknown}
 A - a scroll of immolation {unknown}
 D - 2 scrolls of enchant weapon {unknown}
 H - a scroll of magic mapping {unknown}
Potions
 n - a potion of haste
 r - 3 potions of flight
 B - a potion of lignification
 E - 2 potions of mutation


   Skills:
 + Level 10.4 Fighting
 - Level 3.0 Short Blades
 + Level 2.4 Armour
 + Level 3.2 Dodging
 - Level 2.0 Stealth
 + Level 10.5 Invocations


You had 8 spell levels left.
You didn't know any spells.
Your spell library contained the following spells:

 Spells                   Type           Power      Damage    Failure   Level
 Apportation              Tloc           0%         N/A       63%         1
 Cigotuvi's Dreadful Rot  Necr/Pois/Air  0%         N/A       77%         2
 Poisonous Vapours        Pois/Air       0%         N/A       77%         2
 Sublimation of Blood     Necr           0%         N/A       77%         2
 Wereblood                Tmut           0%         N/A       77%         2
 Frozen Ramparts          Ice            0%         1d1       94%         3
 Mephitic Cloud           Conj/Pois/Air  0%         N/A       94%         3
 Stone Arrow              Conj/Erth      0%         3d7       94%         3
 Animate Armour           Summ/Erth      0%         N/A       100%        4
 Ice Form                 Ice/Tmut       0%         N/A       100%        4
 Summon Ice Beast         Ice/Summ       0%         N/A       100%        4
 Alistair's Intoxication  Tmut/Pois      0%         N/A       100%        5
 Summon Hydra             Summ           0%         N/A       100%        7
 Lehudib's Crystal Spear  Conj/Erth      0%         10d2      100%        8


Dungeon Overview and Level Annotations

Branches:
Dungeon (7/15)             Temple (1/1) D:4         Ossuary (visited)

Altars:
Ashenzari
Cheibriados
Dithmenos
Elyvilon
Fedhas
Gozag
Hepliaklqana
Kikubaaqudgha
Nemelex Xobeh
Qazlal
Ru
Sif Muna
Trog
Uskayaw
Vehumet
Wu Jian
Xom
Yredelemnul
Zin
The Shining One

Shops:
D:3 ([

Annotations:
D:7 3 exclusions


Innate Abilities, Weirdness & Mutations

You possess an exceptional clarity of mind.


Message History

Your centaur warrior hits the centaur!
The centaur dies!
Your centaur warrior wields a +0 shortbow.
Your centaur warrior shoots an arrow.
The arrow closely misses the orc.
The orc wizard points at you and mumbles some strange words.
The magic dart hits you!
* * * LOW HITPOINT WARNING * * *
The orc closely misses you.
It was a potion of haste.
You feel yourself speed up.
Your centaur warrior hits the orc but does no damage.
Your centaur warrior closely misses the orc.
Your centaur warrior shoots an arrow.
The arrow barely misses the orc.
The orc wizard completely misses your centaur warrior.
The orc closely misses you.
Your centaur warrior hits the orc but does no damage.
Your centaur warrior kicks the orc.
It was a potion of degeneration.
There was something very wrong with that liquid.
You feel weakened.
You feel dopey.
You feel clumsy.
Your centaur warrior shoots an arrow.
The arrow hits the orc!
The orc dies!
The orc closely misses you.
The orc wizard closely misses your centaur warrior.
Your centaur warrior hits the orc wizard!
Your centaur warrior kicks the orc wizard.
The orc wizard dies!
You don't know any spells.
You are too injured to fight recklessly!
Okay, then.
It was a potion of berserk rage.
A red film seems to cover your vision as you go berserk!
You feel yourself moving faster!
You feel mighty!
Your centaur warrior unwields a +0 shortbow.
Your centaur warrior hits the orc wizard.
Your centaur warrior barely misses the orc wizard.
Your centaur warrior hits the orc wizard!
Your centaur warrior kicks the orc wizard but does no damage.
The orc hits you from afar with a +0 trident!
You die...
Your body glows with a rainbow of weird colours and disappears.

..........# ..........##
#........# ...........#
#......|.# ..........#
#........# ........
#........# #...#
###+#........###
.###.)o###...###.........
.......).)##.....#.........
........co@#.....#.........
.......)c.##.....'....>....
..........#......#.........
.####'##.####...##.........
... #.# #+###.....#####
.... #.. #.....+ .. #.
#.....# #.....# #.....#


You could see an orc wizard (slow, ally target), an orc and 2 friendly centaur
warriors.

Vanquished Creatures
  Grinder (D:4)
  A sky beast (D:6)
  An ice beast (D:6)
  2 ogres
  A centaur (D:6)
  2 phantoms (D:4)
  A kobold brigand (D:6)
  2 bullfrogs (D:6)
  4 scorpions
  3 necrophages (D:5)
  A howler monkey (D:7)
  2 centaur zombies (Ossuary)
  2 human zombies (Ossuary)
  2 hounds
  3 jellies
  3 iguanas
  Natasha (D:3)
  2 orc wizards
  3 mummies (Ossuary)
  6 adders
  A shadow imp (D:7)
  3 ufetubi
  4 adder zombies (Ossuary)
  4 dart slugs
  9 orcs
  5 bats
  10 endoplasms
  3 giant cockroaches
  9 goblins
  5 hobgoblins
  3 jackals (D:5)
  11 kobolds
  7 quokkas
  4 ball pythons
  4 frilled lizards
  2 gnoll zombies (Ossuary)
  7 goblin zombies
  3 hobgoblin zombies (Ossuary)
  4 jackal zombies (Ossuary)
  4 kobold zombies (Ossuary)
  2 orc zombies (Ossuary)
  5 quokka zombies
  6 rats
  3 rat zombies (Ossuary)
161 creatures vanquished.

Vanquished Creatures (collateral kills)
  A centaur (D:7)
  An orc wizard (D:7)
  An orc (D:7)
3 creatures vanquished.

Grand Total: 164 creatures vanquished

Notes
Turn   | Place    | Note
-------+----------+-------------------------------------------
     0 | D:1      | themarg the Hill Orc Monk began the quest for the Orb.
     0 | D:1      | Reached XP level 1. HP: 19/19 MP: 1/1
    81 | D:1      | Reached XP level 2. HP: 25/27 MP: 2/2
   876 | D:2      | Reached XP level 3. HP: 29/35 MP: 3/3
   920 | D:2      | Reached skill level 5 in Fighting
  1225 | D:2      | Found an ornate altar of the Wu Jian Council.
  1589 | D:3      | Found Kiosoaso's Antique Armour Shoppe.
  1594 | D:3      | Reached XP level 4. HP: 42/42 MP: 4/4
  1602 | D:3      | Found Nymecrub's Weapon Boutique.
  1975 | D:3      | Noticed Natasha
  2011 | D:3      | Identified the +4 ring mail "Cuq Xaurr" {Rampage}
  2037 | D:3      | Killed Natasha
  2529 | D:4      | Noticed a scorpion
  2580 | D:4      | Reached XP level 5. HP: 46/51 MP: 5/5
  2702 | D:4      | Found a staircase to the Ecumenical Temple.
  2709 | Temple   | Entered the Ecumenical Temple
  2890 | Temple   | Became a worshipper of Nemelex Xobeh the Trickster
  2890 | Temple   | Reached * piety under Nemelex Xobeh
  2890 | Temple   | Received a gift from Nemelex Xobeh
  2890 | Temple   | Reached ** piety under Nemelex Xobeh
  2990 | D:4      | Noticed a phantom
  3040 | D:4      | Killed a phantom
  3041 | D:4      | Reached XP level 6. HP: 15/60 MP: 5/7
  3516 | D:4      | Noticed Grinder
  3546 | D:4      | Paralysed by Grinder for 4 turns
  3556 | D:4      | HP: 3/61 [Grinder (9)]
  3560 | D:4      | Killed Grinder
  3561 | D:4      | Reached XP level 7. HP: 17/69 MP: 8/10
  3957 | D:4      | Reached skill level 5 in Invocations
  4057 | D:4      | Received a gift from Nemelex Xobeh
  4568 | D:5      | Entered Level 5 of the Dungeon
  4637 | D:5      | Found a sand-covered staircase.
  4655 | Ossuary  | Entered an ossuary
  4904 | Ossuary  | Reached XP level 8. HP: 77/78 MP: 12/12
  5595 | D:5      | Received a gift from Nemelex Xobeh
  5946 | D:5      | Reached skill level 10 in Fighting
  6090 | D:5      | Reached *** piety under Nemelex Xobeh
  7040 | D:6      | Reached skill level 10 in Invocations
  7040 | D:6      | Reached XP level 9. HP: 58/85 MP: 16/16
  7235 | D:6      | Reached skill level 1 in Armour
  7662 | D:6      | Received a gift from Nemelex Xobeh
  8172 | D:7      | Gained mutation: You possess an exceptional clarity of
                  | mind. [potion of mutation]
  8200 | D:7      | HP: 1/86 [orc wizard/magic dart (7)]
  8203 | D:7      | Slain by an orc

Illustrated notes

Levels and vault maps discovered:
D:1:      amcnicky_arrival_gap_in_the_tavern_cellar, layout_basic
D:2:      layout_loops_ring, basic_altar, kennysheep_another_room
D:3:      layout_basic, serial_shops, shop, shop, minmay_surrounded,
          uniq_natasha
D:4:      layout_basic, minmay_temple_entry_waves, minmay_pentangle,
          uniq_grinder
D:5:      layout_basic, enter_ossuary_4, minmay_misc_feat_tower
D:6:      layout_cave_pools, kennysheep_generic_room_8
D:7:      layout_gridville, enter_bailey_3
Temple:   nicolae_temple_slightly_damp_pantheon

Skill      XL: |  1  2  3  4  5  6  7  8  9 |
---------------+----------------------------+-----
Fighting       | 4 5 6 7 8 9 10 | 10.4
Stealth        | 2 |  2.0
Invocations    | 2 4 6 10 | 10.5
Armour         | 2 |  2.4
Dodging        | 3 |  3.2
Short Blades   | |  3.0

Action                   |  1- 3 |  4- 6 |  7- 9 || total
-------------------------+-------+-------+-------++-------
Melee: Short sword       |   138 |   325 |   606 ||  1069
       Punch             |     2 |     5 |    17 ||    24
       Rapier            |       |       |   220 ||   220
Invok: Draw Destruction  |       |     1 |     5 ||     6
       Draw Escape       |       |     1 |     3 ||     4
       Draw Summoning    |       |       |     1 ||     1
Evoke: Wand              |       |     1 |       ||     1
  Use: Scroll            |       |     3 |     3 ||     6
       Potion            |       |     6 |     6 ||    12
 Stab: Sleeping          |     2 |     1 |       ||     3
Armor: Robe              |     6 |       |       ||     6
       Leather armour    |    14 |       |       ||    14
       Chain mail        |    24 |    58 |       ||    82
       Ring mail         |       |    94 |   326 ||   420
       Skin              |       |    28 |    39 ||    67
Dodge: Dodged            |    57 |   108 |   453 ||   618

Table legend: (Time is in decaauts)
 A = Elapsed time spent in this place.
 B = Non-inter-level travel time spent in this place.
 C = Inter-level travel time spent in this place.
 D = Time resting spent in this place.
 E = Time spent auto-exploring this place.
 F = Levels seen in this place.
 G = Mean time per level.
                   A        B        C        D        E       F      G
               +--------+--------+--------+--------+--------+-----+--------+
         Total |   8051 |   7750 |    301 |    919 |   4666 |   9 |  894.6 |
       Dungeon |   7121 |   6837 |    284 |    694 |   4504 |   7 | 1017.3 |
        Temple |    210 |    193 |     17 |      0 |    162 |   1 |  210.0 |
       Ossuary |    719 |    719 |      0 |    225 |      0 |   1 |  719.0 |
               +--------+--------+--------+--------+--------+-----+--------+

Top non-repeatable levels by time:
     D:4: 1777 daAuts
     D:6: 1356 daAuts
     D:5: 1209 daAuts
     D:3: 1021 daAuts
     D:1: 857 daAuts
     D:2: 738 daAuts
 Ossuary: 719 daAuts
  Temple: 210 daAuts
     D:7: 160 daAuts
